 Dungeon Crawl Stone Soup version 0.27-a0-887-gcab673c142 (webtiles) character file.

Game seed: 6815033947426960932

85 spiderkeys the Cutter (level 4, 0/43 HPs)
             Began as a Kobold Berserker on Apr 5, 2021.
             Was a Believer of Trog.
             Slain by a gnoll
             ... wielding a +0 club
              (7 damage)
             ... on level 2 of the Dungeon.
             The game lasted 00:02:09 (1870 turns).

spiderkeys the Cutter (Kobold Berserker)            Turns: 1870, Time: 00:02:10

Health: 0/43       AC:  2    Str: 14    XL:     4   Next: 75%
Magic:  4/4        EV: 15    Int:  8    God:    Trog [**....]
Gold:   79         SH:  0    Dex: 15    Spells: 3/3 levels left

rFire    . . .     SeeInvis .   a - +0 short sword
rCold    . . .     Faith    .   (shield restricted)
rNeg     . . .     Spirit   .   b - +0 animal skin
rPois    .         Reflect  .   (no helmet)
rElec    .         Harm     .   (no cloak)
rCorr    .         Rampage  .   (no gloves)
Will     .....                  (no boots)
Stlth    ..........             (no amulet)
HPRegen  0.14/turn              (no ring)
MPRegen  0.09/turn              (no ring)

@: berserking, very quick
A: small, no large weapons, nightstalker 3
a: Renounce Religion, Berserk, Trog's Hand


You were on level 2 of the Dungeon.
You worshipped Trog.
Trog was pleased with you.
You visited 1 branch of the dungeon, and saw 2 of its levels.

You collected 79 gold pieces.

Inventory:

Hand Weapons
 a - a +0 short sword (weapon)
Armour
 b - a +0 animal skin (worn)
Scrolls
 e - a scroll of enchant weapon
 f - 3 scrolls of enchant armour
 g - a scroll of teleportation
 h - a scroll of vulnerability {unknown}
Potions
 c - a potion of curing {unknown}
 d - 2 potions of ambrosia


   Skills:
 + Level 3.9 Fighting
 + Level 4.6 Short Blades
 - Level 1.5 Armour
 + Level 3.2 Dodging
 * Level 3.5 Stealth


You had 3 spell levels left.
You didn't know any spells.
Your spell library was empty.

Dungeon Overview and Level Annotations

Branches:
Dungeon (2/15)

Altars:

Shops:
D:1 =


Innate Abilities, Weirdness & Mutations

You are small and have problems with some larger weapons.
You are completely attuned to the shadows.


Message History

The gnoll misses you.
You hit the gnoll but do no damage.
You feel sick. The gnoll closely misses you.
You hit the gnoll.
The gnoll is lightly wounded.
You feel sick.
You hit the gnoll.
The gnoll is moderately wounded.
You feel sick.
You are no longer poisoned.
The gnoll hits you with a +0 flail!
* * * LOW HITPOINT WARNING * * *
The gnoll barely misses you.
You are too injured to fight recklessly!
A gnoll comes into view. It is wielding a +0 club.
You don't know any spells.
A red film seems to cover your vision as you go berserk!
You feel yourself moving faster!
You feel mighty!
The gnoll shouts!
The gnoll barely misses you.
The gnoll hits you from afar with a +0 spear!
* * * LOW HITPOINT WARNING * * *
You puncture the gnoll!
The gnoll is almost dead.
A gnoll comes into view. It is wielding a +0 club.
The gnoll completely misses you.
You hit the gnoll.
You kill the gnoll!
Trog accepts your kill. The gnoll closely misses you.
The gnoll closely misses you.
Things that are here:
a +0 flail; a gnoll corpse You puncture the gnoll!
The gnoll is severely wounded.
The gnoll misses you.
You barely miss the gnoll.
The gnoll is severely wounded.
The gnoll misses you. The gnoll hits you with a +0 club!
You die...

#.#.# #.#.# #####
#####.#.###...##
................
#.....#####.#####....##
#.....# #.# #.#.##
#....# #.# #.#.#
#..g#####.# #.#.#
#.gg@...#.#
#..###.#.#.# .g..
#.....#######
##..###...........#
.......#.#.#####.#
.#####...# #.# #.#>#
#.# ##.#.# #.# #....#
#.#


You could see 3 gnolls.

Vanquished Creatures
  A gnoll (D:2)
  An adder (D:2)
  2 worms (D:2)
  3 dart slugs (D:1)
  6 endoplasms
  2 giant cockroaches
  5 goblins (D:1)
  4 hobgoblins
  3 quokkas
  7 ball pythons
  6 bats
  3 frilled lizards (D:1)
  3 kobolds
  4 rats
50 creatures vanquished.

Vanquished Creatures (others)
  11 plants (D:2)
11 creatures vanquished.

Grand Total: 61 creatures vanquished

Notes
Turn   | Place    | Note
-------+----------+-------------------------------------------
     0 | D:1      | spiderkeys the Kobold Berserker began the quest for the
                  | Orb.
     0 | D:1      | Reached XP level 1. HP: 14/14 MP: 1/1
    68 | D:1      | Reached skill level 1 in Stealth
   104 | D:1      | Reached XP level 2. HP: 19/19 MP: 2/2
   433 | D:1      | Reached XP level 3. HP: 23/23 MP: 3/3
   471 | D:1      | Found Xesmaot's Jewellery Shop.
  1021 | D:1      | Reached ** piety under Trog
  1433 | D:2      | Reached XP level 4. HP: 29/29 MP: 4/4
  1870 | D:2      | Slain by a gnoll

Illustrated notes

Levels and vault maps discovered:
D:1:      minmay_arrival_shattered_statue, layout_basic, serial_shops, shop
D:2:      layout_loops_ring, basic_ecumenical_altar, serial_shops, shop,
          guppyfry_early_lair_pool

Skill      XL: |  1  2  3  4 |
---------------+-------------+-----
Stealth        | 1 2 3 |  3.5
Dodging        | 3 |  3.2
Fighting       | |  3.9
Short Blades   | |  4.6
Armour         | |  1.5

Action                   |  1- 3 |  4- 6 || total
-------------------------+-------+-------++-------
Melee: Short sword       |   115 |    44 ||   159
Invok: Berserk           |       |     2 ||     2
  Use: Scroll            |     4 |       ||     4
 Stab: Sleeping          |    12 |     3 ||    15
Armor: Animal skin       |     8 |       ||     8
Dodge: Dodged            |    81 |    26 ||   107

Table legend: (Time is in decaauts)
 A = Elapsed time spent in this place.
 B = Non-inter-level travel time spent in this place.
 C = Inter-level travel time spent in this place.
 D = Time resting spent in this place.
 E = Time spent auto-exploring this place.
 F = Levels seen in this place.
 G = Mean time per level.
                   A        B        C        D        E       F      G
               +--------+--------+--------+--------+--------+-----+--------+
         Total |   1863 |   1783 |     80 |     10 |   1472 |   2 |  931.5 |
       Dungeon |   1863 |   1783 |     80 |     10 |   1472 |   2 |  931.5 |
               +--------+--------+--------+--------+--------+-----+--------+

Top non-repeatable levels by time:
     D:1: 1210 daAuts
     D:2: 652 daAuts
